 Dungeon Crawl Stone Soup version 0.29-a0-1014-ga8c0faee3b (webtiles) character file.

Game seed: 6875917831868641326

88 BritishOli the Trooper (level 4, -1/36 HPs)
             Began as a Demonspawn Fighter on Aug 9, 2022.
             Slain by Grinder (6 damage)
             ... on level 4 of the Dungeon.
             The game lasted 00:02:40 (2870 turns).

BritishOli the Trooper (Demonspawn Fighter)         Turns: 2870, Time: 00:02:41

Health: -1/36      AC:  8    Str: 19    XL:     4   Next: 30%
Magic:  4/4        EV:  9    Int:  9    God:
Gold:   159        SH:  4    Dex: 12    Spells: 3/3 levels left

rFire   . . .      SeeInvis .   a - +0 long sword
rCold   . . .      Faith    .   c - +0 buckler
rNeg    . . .      Spirit   .   b - +0 scale mail
rPois   .          Reflect  .   (no helmet)
rElec   .          Harm     .   (cloak unavailable)
rCorr   .          Rampage  .   (no gloves)
Will    .....                   h - +0 pair of boots
Stlth   ..........              (no amulet)
HPRegen 0.12/turn               (no ring)
MPRegen 0.09/turn               (no ring)

@: no status effects
A: weakness stinger 3
a: no special abilities


You were on level 4 of the Dungeon.
You visited 1 branch of the dungeon, and saw 4 of its levels.

You collected 159 gold pieces.

Inventory:

Hand Weapons
 a - a +0 long sword (weapon)
Armour
 b - a +0 scale mail (worn)
 c - a +0 buckler (worn)
 h - a +0 pair of boots (worn)
Jewellery
 s - a ring of magical power
Wands
 n - a wand of iceblast (13)
Scrolls
 e - 8 scrolls of identify {unknown}
 f - 3 scrolls of poison {unknown}
 k - a scroll of fog {unknown}
 l - a scroll of enchant armour {unknown}
 p - a scroll of fear {unknown}
 u - a scroll of teleportation {unknown}
Potions
 d - a potion of might
 g - a potion of curing {unknown}
 i - a potion of flight {unknown}
 j - a potion of cancellation {unknown}
 m - a potion of brilliance {unknown}
 o - a potion of berserk rage {unknown}
 q - a potion of mutation {unknown}
 r - a potion of degeneration {unknown}
 t - a potion of ambrosia {unknown}


   Skills:
 + Level 3.6 Fighting
 + Level 2.5 Long Blades
 + Level 3.3 Armour
 + Level 3.3 Shields


You had 3 spell levels left.
You didn't know any spells.
Your spell library contained the following spells:

 Spells                   Type           Power      Damage    Failure   Level
 Blink                    Tloc           0%         N/A       94%         2
 Sublimation of Blood     Necr           0%         N/A       94%         2
 Wereblood                Tmut           0%         N/A       94%         2
 Manifold Assault         Tloc           0%         N/A       100%        5
 Storm Form               Tmut/Air       0%         N/A       100%        7
 Summon Hydra             Summ           0%         N/A       100%        7


Dungeon Overview and Level Annotations

Branches:
Dungeon (4/15)
 Temple: D:4-7

Altars:
Cheibriados
Makhleb
Yredelemnul

Annotations:
D:4 Grinder


Innate Abilities, Weirdness & Mutations

You have a sharp stinger which inflicts weakening toxins.


Message History

(D) Dungeon
Where to? (Enter - D:3, ? - help)
There is a stone staircase leading down here.
You climb downwards.
Grinder shouts!
There is a stone staircase leading up here.
There are monsters nearby!
There are monsters nearby!
There are monsters nearby!
You block Grinder's attack.
Grinder is nearby!
You hit Grinder but do no damage. Grinder gestures at you.
Pain shoots through your body!
You closely miss Grinder.
Your tail-slap misses Grinder.
A goblin comes into view. It is wielding a +0 club.
Grinder barely misses you.
You closely miss Grinder.
The goblin shouts!
Grinder says, "Mostly I couldn't keep them alive."
Grinder hits you.
You writhe in agony.
You block the quokka's attack.
You are too injured to fight recklessly!
You are too injured to fight recklessly!
You are too injured to fight recklessly!
You are too injured to fight recklessly!
You closely miss the quokka. You block Grinder's attack. The quokka bites you.
* * * LOW HITPOINT WARNING * * *
Grinder says, "Don't move a muscle."
Grinder gestures at you. You resist with significant effort.
You hit the quokka but do no damage.
Your tail-slap misses the quokka.
The quokka closely misses you.
A goblin comes into view. It is wielding a +0 dagger.
Grinder closely misses you. You block the quokka's attack.
You closely miss the quokka.
The goblin shouts!
Grinder hits you.
* * * LOW HITPOINT WARNING * * *
You writhe in agony.
You die...

##########
.........
##.####.......#
...r...<.#
##.#####r# #@#
#....5...P~~
...........g♣g~
#.##.#.#####~P~
#.#. P♣ # #. #.
#.


You could see Grinder, a quokka and 2 goblins.

Vanquished Creatures
  Terence (D:3)
  An adder (D:3)
  2 worms
  A dart slug (D:1)
  3 orcs (D:3)
  3 bats
  3 endoplasms
  5 giant cockroaches
  3 goblins
  A hobgoblin (D:1)
  4 jackals (D:2)
  2 kobolds
  4 ball pythons
  4 frilled lizards
  4 rats
41 creatures vanquished.

Notes
Turn   | Place    | Note
-------+----------+-------------------------------------------
     0 | D:1      | BritishOli the Demonspawn Fighter began the quest for the
                  | Orb.
     0 | D:1      | Reached XP level 1. HP: 18/18 MP: 1/1
    17 | D:1      | Found a basalt altar of Yredelemnul.
   227 | D:1      | Gained mutation: You have a small tail. [demonic ancestry]
   227 | D:1      | Reached XP level 2. HP: 22/24 MP: 2/2
   540 | D:1      | Found a faded altar of an unknown god.
  1091 | D:2      | You fall into a shaft and drop 1 floor!
  1227 | D:3      | Gained mutation: You have a tail ending in a sharp stinger.
                  | [demonic ancestry]
  1227 | D:3      | Reached XP level 3. HP: 25/29 MP: 3/3
  2307 | D:3      | Noticed Terence
  2329 | D:3      | Killed Terence
  2330 | D:3      | Gained mutation: You have a sharp stinger which inflicts
                  | weakening toxins. [demonic ancestry]
  2330 | D:3      | Reached XP level 4. HP: 13/36 MP: 4/4
  2795 | D:3      | Found a snail-covered altar of Cheibriados.
  2806 | D:3      | Found a burning altar of Makhleb.
  2862 | D:4      | Noticed Grinder
  2870 | D:4      | Slain by Grinder

Illustrated notes

Levels and vault maps discovered:
D:1:      dpeg_arrival_lava_altar, layout_loops_ring,
          chequers_ecumenical_altar_island
D:2:      layout_loops_corners, chequers_serial_rivers_micro_c, nrook_uturn,
          st_stairs_2
D:3:      layout_basic, grunt_temple_overflow_diamond, uniq_terence
D:4:      layout_loops_ring, minmay_temple_entry_large_hall,
          serial_bayou_lagoon_b, uniq_edmund, uniq_grinder

Skill      XL: |  1  2 |
---------------+-------+-----
Long Blades    | 2 |  2.5
Armour         | 3 |  3.3
Shields        | 3 |  3.3
Fighting       | |  3.6

Action                   |  1- 3 |  4- 6 || total
-------------------------+-------+-------++-------
Melee: Long sword        |   149 |     6 ||   155
       Tailslap          |    11 |       ||    11
Armor: Scale mail        |    88 |       ||    88
Dodge: Dodged            |    74 |     3 ||    77
Block: Buckler           |    32 |     4 ||    36

Table legend: (Time is in decaauts)
 A = Elapsed time spent in this place.
 B = Non-inter-level travel time spent in this place.
 C = Inter-level travel time spent in this place.
 D = Time resting spent in this place.
 E = Time spent auto-exploring this place.
 F = Levels seen in this place.
 G = Mean time per level.
                   A        B        C        D        E       F      G
               +--------+--------+--------+--------+--------+-----+--------+
         Total |   2922 |   2860 |     62 |    130 |   2355 |   4 |  730.5 |
       Dungeon |   2922 |   2860 |     62 |    130 |   2355 |   4 |  730.5 |
               +--------+--------+--------+--------+--------+-----+--------+

Top non-repeatable levels by time:
     D:2: 1155 daAuts
     D:3: 939 daAuts
     D:1: 817 daAuts
     D:4: 9 daAuts
